 Dungeon Crawl Stone Soup version 0.23.2 (webtiles) character file.

Game seed: 2260607290432853582

119 Borgoz the Cutter (level 5, -1/43 (44) HPs)
             Began as a Ghoul Gladiator on Apr 4, 2019.
             Slain by a kobold
             ... wielding a +0 dagger
              (3 damage)
             ... on level 3 of the Dungeon.
             The game lasted 00:02:51 (1861 turns).

Borgoz the Cutter (Ghoul Gladiator)                 Turns: 1861, Time: 00:02:52

HP:   -1/43 (44)    AC:  9    Str: 18    XL:     5   Next: 3%
MP:   4/4           EV: 12    Int:  4    God:
Gold: 101           SH:  0    Dex: 10    Spells: 4/4 levels left

rFire    . . .     SeeInvis .   a - +0 rapier
rCold    + . .     Gourm    .   (no shield)
rNeg     + + +     Faith    .   b - +0 leather armour
rPois    ∞         Spirit   .   c - +0 helmet
rElec    .         Reflect  .   (no cloak)
rCorr    .         Harm     .   s - +1 pair of gloves
MR       .....                  (no boots)
Stlth    +.........             (no amulet)
HPRegen  0.00/turn              j - +3 ring of protection
MPRegen  0.09/turn              (no ring)

@: rotting
A: rotting body, claws 1, carnivore, cold resistance 1, negative energy
resistance 3, inhibited regeneration, torment resistance, unbreathing
a: no special abilities


You were on level 3 of the Dungeon.
You were not hungry.

You visited 1 branch of the dungeon, and saw 3 of its levels.

You collected 101 gold pieces.

Inventory:

Hand Weapons
 a - a +0 rapier (weapon)
 v - a +3 quarterstaff of chaos
Missiles
 d - a throwing net (quivered)
 i - 15 javelins
Armour
 b - a +0 leather armour (worn)
 c - a +0 helmet (worn)
 s - a +1 pair of gloves (worn)
Jewellery
 j - a +3 ring of protection (left hand)
Wands
 r - a wand of random effects (19)
 u - a wand of digging (5)
Scrolls
 k - 4 scrolls of teleportation
 n - a scroll of random uselessness {unknown}
 p - 2 scrolls of identify {unknown}
 q - a scroll of remove curse {unknown}
 t - a scroll of fog {unknown}
Potions
 e - 2 potions of degeneration {unknown}
 h - 2 potions of agility {unknown}
 l - 2 potions of curing {unknown}
 m - a potion of ambrosia {unknown}
 o - 2 potions of haste {unknown}
 w - 2 potions of brilliance {unknown}
Comestibles
 f - 2 rations
 g - a chunk of flesh


   Skills:
 + Level 2.8 Fighting
 * Level 3.4 Short Blades
 - Level 1.7 Throwing
 * Level 1.6 Armour
 * Level 3.3 Dodging
 + Level 1.6 Stealth


You had 4 spell levels left.
You didn't know any spells.
Your spell library was empty.

Dungeon Overview and Level Annotations

Branches:
Dungeon (3/15)

Altars:
Dithmenos

Annotations:
D:3 Robin


Innate Abilities, Weirdness & Mutations

Your body is rotting away.
You thrive on raw meat.
You are immune to poison.
You have sharp fingernails.
You are carnivorous and can eat meat at any time.
Your flesh is cold resistant. (rC+)
You are immune to negative energy. (rN+++)
You do not regenerate when monsters are visible.
You are immune to unholy pain and torment.
You can survive without breathing.


Message History

* * * LOW HITPOINT WARNING * * *
You hit the orc priest.
The orc priest is moderately wounded.
The orc barely misses you. The orc closely misses you.
The orc hits you but does no damage.
The orc priest hits you but does no damage.
You hit the orc priest but do no damage.
The orc priest is moderately wounded.
The orc hits you but does no damage. x2; The orc barely misses you.
The orc priest hits you but does no damage.
The kobold hits you but does no damage.
You hit the orc priest but do no damage.
The orc priest is moderately wounded.
The orc hits you with a +0 dagger.
* * * LOW HITPOINT WARNING * * *
The orc barely misses you. x2
The orc priest hits you with a +0 hand axe.
* * * LOW HITPOINT WARNING * * *
The kobold hits you with a +0 dagger.
You die...

. .## #.# ...#########
#.. #.....#...##
####.######.........##
#........#...........#
#........#......)....###
#.......o#..............
#.....ooK...........####
.......@o###.......## #
#........# ######..#####
######...# #####..[..)<.
##..##......#...###
####..)..########.###
#......### #....
#....##..## #..## #.##
#..# ####..##
#..########.......


You could see an orc priest, 3 orcs and a kobold.

Vanquished Creatures
  Crazy Yiuf (D:2)
  Jessica (D:2)
  An adder (D:2)
  A dart slug (D:2)
  2 leopard geckos
  An orc (D:3)
  6 bats
  A giant cockroach (D:1)
  4 goblins
  9 hobgoblins
  4 jackals (D:2)
  3 kobolds (D:2)
  3 quokkas (D:2)
  A ball python (D:1)
  5 frilled lizards
  4 rats
47 creatures vanquished.

Notes
Turn   | Place    | Note
-------+----------+-------------------------------------------
     0 | D:1      | Borgoz the Ghoul Gladiator began the quest for the Orb.
     0 | D:1      | Reached XP level 1. HP: 17/17 MP: 0/0
   123 | D:1      | Reached XP level 2. HP: 15/24 MP: 1/1
   679 | D:2      | Noticed Jessica
   691 | D:2      | Killed Jessica
   691 | D:2      | Reached skill level 1 in Armour
   691 | D:2      | Reached XP level 3. HP: 30/30 MP: 2/2
   869 | D:2      | Reached skill level 1 in Stealth
   893 | D:2      | Reached XP level 4. HP: 14/37 MP: 3/3
  1237 | D:2      | Found a shadowy altar of Dithmenos.
  1513 | D:2      | Found a runed translucent door.
  1514 | D:2      | Noticed Crazy Yiuf
  1527 | D:2      | Killed Crazy Yiuf
  1611 | D:3      | Reached XP level 5. HP: 41/44 MP: 4/4
  1655 | D:3      | Noticed Robin
  1861 | D:3      | HP: 2/43 [orc priest/+0 hand axe (1)]
  1861 | D:3      | Slain by a kobold

Skill      XL: |  1  2  3 |
---------------+----------+-----
Short Blades   | 3 |  3.4
Armour         | 1 |  1.6
Dodging        | 3 |  3.3
Stealth        | 1 |  1.6
Fighting       | |  2.8
Throwing       | |  1.7

Action                   |  1- 3 |  4- 6 || total
-------------------------+-------+-------++-------
Melee: Rapier            |    99 |    97 ||   196
Throw: Throwing net      |       |     2 ||     2
  Use: Scroll            |       |     1 ||     1
 Stab: Sleeping          |       |     1 ||     1
  Eat: Chunk             |     4 |     7 ||    11
Armor: Leather armour    |    30 |    34 ||    64
Dodge: Dodged            |    82 |    74 ||   156
